TOP OF THE 1ST |
Modesto Nuts batting - Pitching for Stockton Ports : RHP Hunter Vanderhyden
|
Pitching: RHP Hunter Vanderhyden
|
|
Batting: RHB Elias Urbina
|
0-0: SINGLE (Line Drive, 4D, EV 101.9 MPH)
|
Batting: RHB Matt Fabre
|
0-0: Ball 1-0: Called Strike Elias Urbina steals 2nd base 1-1: Fly out, F7 (Flyball, 7S, EV 90.0 MPH)
|
Batting: SHB Bobby Santor
|
0-0: Called Strike Elias Urbina steals 3rd base 0-1: Foul Ball, location: 2F 0-2: Ball 1-2: Ball 2-2: Strikes out swinging
|
Batting: RHB Andy Solorzano
|
0-0: Ball 1-0: Ball 2-0: Called Strike 2-1: Called Strike 2-2: Foul Ball, location: 2F 2-2: Ball 3-2: Strikes out swinging
|
Top of the 1st over - 0 runs, 1 hit, 0 errors, 1 left on base; Modesto 0 - Stockton 0 |
BOTTOM OF THE 1ST |
Stockton Ports batting - Pitching for Modesto Nuts : LHP Kevin Miozza
|
Pitching: LHP Kevin Miozza
|
|
Batting: SHB Robert Santiago
|
0-0: SINGLE (Flyball, 9LS, EV 94.4 MPH)
|
Batting: RHB Tim Cordle
|
0-0: Called Strike 0-1: SINGLE (Groundball, P, EV 83.1 MPH) (infield hit) Robert Santiago to second
|
Batting: SHB D.J. Codd
|
0-0: Called Strike 0-1: Ball 1-1: Foul Ball, location: 2F 1-2: Strikes out looking
|
Batting: RHB Scott Wiggs
|
0-0: Fly out, F2 (Popup, 23F, EV 85.6 MPH)
|
Batting: RHB Matt Sherard
|
0-0: Ball 1-0: Ball 2-0: Ball 3-0: Called Strike 3-1: Fielders Choice at 2nd, 6-4 (Groundball, 6, EV 78.8 MPH)
|
Bottom of the 1st over - 0 runs, 2 hits, 0 errors, 2 left on base; Modesto 0 - Stockton 0 |
TOP OF THE 2ND |
Modesto Nuts batting - Pitching for Stockton Ports : RHP Hunter Vanderhyden
|
Batting: RHB Matt Robert
|
0-0: Called Strike 0-1: Fly out, F8 (Flyball, 8RM, EV 90.0 MPH)
|
Batting: RHB Craig Gomez
|
0-0: Ball 1-0: Foul Ball, location: 2F 1-1: Ball 2-1: Swinging Strike 2-2: Strikes out swinging
|
Batting: LHB Joe Miller
|
0-0: Ball 1-0: Ball 2-0: Ball 3-0: Called Strike 3-1: Called Strike 3-2: Strikes out looking
|
Top of the 2nd over - 0 runs, 0 hits, 0 errors, 0 left on base; Modesto 0 - Stockton 0 |
BOTTOM OF THE 2ND |
Stockton Ports batting - Pitching for Modesto Nuts : LHP Kevin Miozza
|
Batting: RHB Matt Black
|
0-0: Ball 1-0: Called Strike 1-1: Called Strike 1-2: Ball 2-2: Ball 3-2: Base on Balls
|
Batting: RHB Tetsuya Shinoda
|
0-0: Called Strike 0-1: Foul Ball, location: 2F 0-2: Strikes out swinging
|
Batting: RHB Todd Vanasco
|
0-0: Foul Ball, location: 2F 0-1: DOUBLE (Line Drive, 9LS, EV 109.4 MPH) Matt Black to third
|
Batting: RHB Larry Clark
|
0-0: Ball 1-0: Called Strike 1-1: Foul Ball, location: 2F 1-2: Ground out 5-3 (Groundball, 56, EV 90.0 MPH) Matt Black scores
|
Batting: SHB Robert Santiago
|
0-0: Ball 1-0: Called Strike 1-1: Ground out 5-3 (Groundball, 5, EV 82.5 MPH)
|
Bottom of the 2nd over - 1 run, 1 hit, 0 errors, 1 left on base; Modesto 0 - Stockton 1 |
TOP OF THE 3RD |
Modesto Nuts batting - Pitching for Stockton Ports : RHP Hunter Vanderhyden
|
Batting: RHB Steve Waltenbery
|
0-0: Ball 1-0: Ball 2-0: Called Strike 2-1: Swinging Strike 2-2: Ball 3-2: Foul Ball, location: 2F 3-2: Base on Balls
|
Batting: RHB Manny Thompson
|
0-0: Ball 1-0: Swinging Strike 1-1: Ball 2-1: Swinging Strike 2-2: Foul Ball, location: 2F 2-2: Strikes out looking
|
Batting: RHB Elias Urbina
|
0-0: Called Strike 0-1: Foul Ball, location: 2F 0-2: Foul Ball, location: 2F 0-2: Foul Ball, location: 2F 0-2: Ball 1-2: Ball 2-2: Ball Wild Pitch! Steve Waltenbery to second 3-2: Foul Ball, location: 2F 3-2: Ground out 6-3 (Groundball, 6M, EV 96.9 MPH) Steve Waltenbery to third
|
Batting: RHB Matt Fabre
|
0-0: Fly out, F8 (Flyball, 8LD, EV 79.4 MPH)
|
Top of the 3rd over - 0 runs, 0 hits, 0 errors, 1 left on base; Modesto 0 - Stockton 1 |
BOTTOM OF THE 3RD |
Stockton Ports batting - Pitching for Modesto Nuts : LHP Kevin Miozza
|
Batting: RHB Tim Cordle
|
0-0: Ball 1-0: Called Strike 1-1: Ball 2-1: Swinging Strike 2-2: Strikes out looking
|
Batting: SHB D.J. Codd
|
0-0: Called Strike 0-1: Foul Ball, location: 2F 0-2: Strikes out swinging
|
Batting: RHB Scott Wiggs
|
0-0: Ground out 6-3 (Groundball, 6, EV 85.6 MPH)
|
Bottom of the 3rd over - 0 runs, 0 hits, 0 errors, 0 left on base; Modesto 0 - Stockton 1 |
TOP OF THE 4TH |
Modesto Nuts batting - Pitching for Stockton Ports : RHP Hunter Vanderhyden
|
Batting: SHB Bobby Santor
|
0-0: Called Strike 0-1: Foul Ball, location: 2F 0-2: Foul Ball, location: 2F 0-2: SOLO HOME RUN (Flyball, 9D, EV 95.6 MPH), Distance : 366 ft
|
Batting: RHB Andy Solorzano
|
0-0: Ball 1-0: Ball 2-0: Called Strike 2-1: SINGLE (Flyball, 9S, EV 87.5 MPH)
|
Batting: RHB Matt Robert
|
0-0: Ball 1-0: Foul Ball, location: 2F 1-1: Fielders Choice at 2nd, 6-4 (Groundball, 56, EV 86.9 MPH)
|
Batting: RHB Craig Gomez
|
0-0: Ball Matt Robert is caught stealing 2nd base 2-4 1-0: SINGLE (Flyball, 6D, EV 86.2 MPH)
|
Batting: LHB Joe Miller
|
0-0: Foul Ball, location: 2F 0-1: SINGLE (Groundball, 4, EV 100.0 MPH) Craig Gomez to second Runner from 2nd tries for 3rd, SAFE, no throw by RF
|
Batting: RHB Steve Waltenbery
|
0-0: Called Strike 0-1: Called Strike 0-2: Foul Ball, location: 2F 0-2: Ball 1-2: Ball Wild Pitch! Craig Gomez scores Joe Miller to second 2-2: Ball 3-2: Strikes out looking
|
Top of the 4th over - 2 runs, 4 hits, 0 errors, 1 left on base; Modesto 2 - Stockton 1 |
BOTTOM OF THE 4TH |
Stockton Ports batting - Pitching for Modesto Nuts : LHP Kevin Miozza
|
Batting: RHB Matt Sherard
|
0-0: Fly out, F7 (Line Drive, 7, EV 94.4 MPH)
|
Batting: RHB Matt Black
|
0-0: Called Strike 0-1: Foul Ball, location: 2F 0-2: Ball 1-2: Ball 2-2: Strikes out swinging
|
Batting: RHB Tetsuya Shinoda
|
0-0: Ball 1-0: Ball 2-0: Called Strike 2-1: SINGLE (Flyball, 89S, EV 93.8 MPH)
|
Batting: RHB Todd Vanasco
|
0-0: Called Strike 0-1: Called Strike 0-2: Ball 1-2: Strikes out swinging
|
Bottom of the 4th over - 0 runs, 1 hit, 0 errors, 1 left on base; Modesto 2 - Stockton 1 |
TOP OF THE 5TH |
Modesto Nuts batting - Pitching for Stockton Ports : RHP Hunter Vanderhyden
|
Batting: RHB Manny Thompson
|
0-0: Ball 1-0: Ball 2-0: Foul Ball, location: 2F 2-1: Foul Ball, location: 2F 2-2: Fly out, F4 (Popup, 34S, EV 91.9 MPH)
|
Batting: RHB Elias Urbina
|
0-0: Ball 1-0: Called Strike 1-1: Swinging Strike 1-2: Hit by Pitch
|
Pitching: RHP Mike Bowling
|
|
Batting: RHB Matt Fabre
|
0-0: Ball Pickoff Throw to First - Out! 1-3 CS 1-0: Called Strike 1-1: Ball 2-1: Foul Ball, location: 2F 2-2: Foul Ball, location: 2F 2-2: Foul Ball, location: 2F 2-2: SINGLE (Flyball, 34D, EV 90.0 MPH)
|
Batting: SHB Bobby Santor
|
0-0: Ball 1-0: Called Strike Matt Fabre is caught stealing 2nd base 2-6
|
Top of the 5th over - 0 runs, 1 hit, 0 errors, 0 left on base; Modesto 2 - Stockton 1 |
BOTTOM OF THE 5TH |
Stockton Ports batting - Pitching for Modesto Nuts : LHP Kevin Miozza
|
Batting: RHB Larry Clark
|
0-0: Ball 1-0: Called Strike 1-1: Swinging Strike 1-2: Ball 2-2: Ball 3-2: Strikes out swinging, 2-3 out at first.
|
Batting: SHB Robert Santiago
|
0-0: Foul Ball, location: 2F 0-1: Ground out 6-3 (Groundball, 6D, EV 106.2 MPH)
|
Batting: RHB Tim Cordle
|
0-0: Ball 1-0: Foul Ball, location: 2F 1-1: Ball 2-1: Swinging Strike 2-2: Foul Ball, location: 2F 2-2: Ground out 5-3 (Groundball, 5, EV 81.2 MPH)
|
Bottom of the 5th over - 0 runs, 0 hits, 0 errors, 0 left on base; Modesto 2 - Stockton 1 |
TOP OF THE 6TH |
Modesto Nuts batting - Pitching for Stockton Ports : RHP Mike Bowling
|
Batting: SHB Bobby Santor
|
0-0: Ball 1-0: Foul Ball, location: 2F 1-1: Foul Ball, location: 2F 1-2: Fly out, F7 (Flyball, 78M, EV 88.8 MPH)
|
Batting: RHB Andy Solorzano
|
0-0: Foul Ball, location: 2F 0-1: Ground out 5-3 (Groundball, 5, EV 86.9 MPH)
|
Batting: RHB Matt Robert
|
0-0: Ball 1-0: Ball 2-0: Ball 3-0: Called Strike 3-1: Foul Ball, location: 2F 3-2: Base on Balls
|
Batting: RHB Craig Gomez
|
0-0: Ball 1-0: Ball 2-0: Ball 3-0: Fielders Choice at 2nd, 5-4 (Groundball, 56, EV 98.8 MPH)
|
Top of the 6th over - 0 runs, 0 hits, 0 errors, 1 left on base; Modesto 2 - Stockton 1 |
BOTTOM OF THE 6TH |
Stockton Ports batting - Pitching for Modesto Nuts : LHP Kevin Miozza
|
Batting: SHB D.J. Codd
|
0-0: Ball 1-0: Foul Ball, location: 2F 1-1: Foul Ball, location: 2F 1-2: Ball 2-2: Foul Ball, location: 2F 2-2: SINGLE (Groundball, 34D, EV 94.4 MPH)
|
Batting: RHB Scott Wiggs
|
0-0: Ball 1-0: Foul Ball, location: 2F 1-1: Fly out, F9 (Flyball, 9S, EV 70.0 MPH)
|
Batting: RHB Matt Sherard
|
0-0: Called Strike 0-1: Foul Ball, location: 2F 0-2: Foul Ball, location: 2F 0-2: Foul Ball, location: 2F 0-2: Ball 1-2: Foul Ball, location: 2F 1-2: Ball 2-2: SINGLE (Groundball, 5S, EV 65.6 MPH) (infield hit) D.J. Codd to second
|
Pitching: LHP Steve Lima
|
|
Batting: RHB Matt Black
|
0-0: Ball 1-0: Foul Ball, location: 2F 1-1: Ball 2-1: Foul Ball, location: 2F 2-2: Grounds into double play, 6-4-3 (Groundball, 6, EV 107.5 MPH)
|
Bottom of the 6th over - 0 runs, 2 hits, 0 errors, 1 left on base; Modesto 2 - Stockton 1 |
TOP OF THE 7TH |
Modesto Nuts batting - Pitching for Stockton Ports : RHP Mike Bowling
|
Batting: LHB Joe Miller
|
0-0: Called Strike 0-1: Ball 1-1: Ball 2-1: Ball 3-1: Foul Ball, location: 2F 3-2: SINGLE (Line Drive, 78S, EV 103.8 MPH)
|
Batting: RHB Steve Waltenbery
|
0-0: Bunted foul 0-1: Ball 1-1: Bunted foul 1-2: Strikes out swinging
|
Batting: RHB Manny Thompson
|
0-0: Ball 1-0: Ball 2-0: Swinging Strike 2-1: Grounds into double play, 6-4-3 (Groundball, 56, EV 83.8 MPH)
|
Top of the 7th over - 0 runs, 1 hit, 0 errors, 0 left on base; Modesto 2 - Stockton 1 |
BOTTOM OF THE 7TH |
Stockton Ports batting - Pitching for Modesto Nuts : LHP Steve Lima
|
Batting: RHB Tetsuya Shinoda
|
0-0: Swinging Strike 0-1: Called Strike 0-2: Ball 1-2: Foul Ball, location: 2F 1-2: Strikes out swinging
|
Batting: RHB Todd Vanasco
|
0-0: Ball 1-0: Called Strike 1-1: Called Strike 1-2: Ball 2-2: Ball 3-2: Foul Ball, location: 2F 3-2: Base on Balls
|
Batting: RHB Larry Clark
|
0-0: Foul Ball, location: 2F 0-1: Ball 1-1: Fly out, F8 (Flyball, 8LM, EV 83.8 MPH)
|
Batting: SHB Robert Santiago
|
0-0: Ball 1-0: Ball 2-0: Ball 3-0: Called Strike 3-1: Base on Balls Todd Vanasco to second
|
Pitching: LHP Ryan Morlan
|
|
Batting: RHB Tim Cordle
|
0-0: Fly out, F8 (Flyball, 78D, EV 93.1 MPH)
|
Bottom of the 7th over - 0 runs, 0 hits, 0 errors, 2 left on base; Modesto 2 - Stockton 1 |
TOP OF THE 8TH |
Modesto Nuts batting - Pitching for Stockton Ports : RHP Mike Bowling
|
Pitching: RHP Craig Daniel
|
|
Batting: RHB Elias Urbina
|
0-0: Called Strike 0-1: Called Strike 0-2: Ball 1-2: Ball 2-2: Fly out, F4 (Popup, 4D, EV 55.6 MPH)
|
Batting: RHB Matt Fabre
|
0-0: Foul Ball, location: 2F 0-1: Ball 1-1: Ball 2-1: Foul Ball, location: 2F 2-2: Strikes out looking
|
Batting: SHB Bobby Santor
|
0-0: Called Strike 0-1: Fly out, F7 (Flyball, 78M, EV 91.9 MPH)
|
Top of the 8th over - 0 runs, 0 hits, 0 errors, 0 left on base; Modesto 2 - Stockton 1 |
BOTTOM OF THE 8TH |
Stockton Ports batting - Pitching for Modesto Nuts : LHP Ryan Morlan
|
Batting: SHB D.J. Codd
|
0-0: Called Strike 0-1: Called Strike 0-2: Strikes out swinging
|
Batting: RHB Scott Wiggs
|
0-0: Called Strike 0-1: Foul Ball, location: 2F 0-2: Foul Ball, location: 2F 0-2: SOLO HOME RUN (Flyball, 7LD, EV 95.6 MPH), Distance : 325 ft
|
Batting: RHB Matt Sherard
|
0-0: Ground out 5-3 (Groundball, 56, EV 105.0 MPH)
|
Batting: RHB Matt Black
|
0-0: Foul Ball, location: 2F 0-1: Ball 1-1: Swinging Strike 1-2: Strikes out looking
|
Bottom of the 8th over - 1 run, 1 hit, 0 errors, 0 left on base; Modesto 2 - Stockton 2 |
TOP OF THE 9TH |
Modesto Nuts batting - Pitching for Stockton Ports : RHP Craig Daniel
|
Pinch Hitting: LHB Zack Guillen
|
0-0: Swinging Strike 0-1: Called Strike 0-2: Fly out, F8 (Line Drive, 8RD, EV 103.1 MPH)
|
Pinch Hitting: LHB Roy Riess
|
0-0: Ball 1-0: Called Strike 1-1: Ball 2-1: Called Strike 2-2: Foul Ball, location: 2F 2-2: Strikes out swinging
|
Batting: RHB Craig Gomez
|
0-0: Ball 1-0: Called Strike 1-1: SINGLE (Groundball, 6D, EV 98.8 MPH)
|
Batting: LHB Joe Miller
|
0-0: Foul Ball, location: 2F 0-1: Ground out U3 (Groundball, 3L, EV 101.9 MPH)
|
Top of the 9th over - 0 runs, 1 hit, 0 errors, 1 left on base; Modesto 2 - Stockton 2 |
BOTTOM OF THE 9TH |
Stockton Ports batting - Pitching for Modesto Nuts : LHP Ryan Morlan
|
Pitching: RHP Adrian de la Cerda
|
|
Now at 1B: Roy Riess
|
|
Now in LF: Zack Guillen
|
|
Pinch Hitting: LHB Tom Raupp
|
0-0: Swinging Strike 0-1: Called Strike 0-2: Strikes out swinging
|
Pinch Hitting: LHB Nick Pacheco
|
0-0: Ball 1-0: Foul Ball, location: 2F 1-1: Called Strike 1-2: Strikes out swinging
|
Batting: RHB Larry Clark
|
0-0: Called Strike 0-1: Called Strike 0-2: Ball 1-2: Foul Ball, location: 2F 1-2: Ball 2-2: Foul Ball, location: 2F 2-2: Foul Ball, location: 2F 2-2: Ground out 1-3 (Groundball, 13, EV 69.4 MPH)
|
Bottom of the 9th over - 0 runs, 0 hits, 0 errors, 0 left on base; Modesto 2 - Stockton 2 |
TOP OF THE 10TH |
Modesto Nuts batting - Pitching for Stockton Ports : RHP Craig Daniel
|
Pitching: RHP Charlie Shook
|
|
Now at C: Dave Vezina
|
|
Now at 1B: Nick Pacheco
|
|
Pinch Hitting: LHB Mike Clark
|
0-0: Foul Ball, location: 2F 0-1: Ball 1-1: SINGLE (Line Drive, 78S, EV 101.9 MPH)
|
Pinch Hitting: RHB Jeff Wemp
|
0-0: Foul Ball, location: 2F 0-1: Grounds into double play, 6-4-3 (Groundball, 6, EV 104.4 MPH)
|
Batting: RHB Elias Urbina
|
0-0: Ball 1-0: Ball 2-0: Foul Ball, location: 2F 2-1: Foul Ball, location: 2F 2-2: Ball 3-2: Strikes out swinging
|
Top of the 10th over - 0 runs, 1 hit, 0 errors, 0 left on base; Modesto 2 - Stockton 2 |
BOTTOM OF THE 10TH |
Stockton Ports batting - Pitching for Modesto Nuts : RHP Adrian de la Cerda
|
Pitching: RHP Jim Butler
|
|
Now at C: Yamashita Yagi
|
|
Now at SS: Mike Clark
|
|
Batting: SHB Robert Santiago
|
0-0: Swinging Strike 0-1: Called Strike 0-2: Strikes out swinging
|
Batting: RHB Tim Cordle
|
0-0: Called Strike 0-1: Foul Ball, location: 2F 0-2: Ball 1-2: SINGLE (Line Drive, 9S, EV 89.4 MPH)
|
Batting: SHB D.J. Codd
|
0-0: Ball 1-0: Ball 2-0: Ball 3-0: Base on Balls Tim Cordle to second
|
Batting: RHB Scott Wiggs
|
0-0: Ball 1-0: Ball 2-0: Foul Ball, location: 2F 2-1: Ball 3-1: Foul Ball, location: 2F 3-2: Grounds into double play, 5-4-3 (Groundball, 56, EV 99.4 MPH)
|
Bottom of the 10th over - 0 runs, 1 hit, 0 errors, 1 left on base; Modesto 2 - Stockton 2 |
TOP OF THE 11TH |
Modesto Nuts batting - Pitching for Stockton Ports : RHP Charlie Shook
|
Batting: RHB Matt Fabre
|
0-0: Ball 1-0: Foul Ball, location: 2F 1-1: Foul Ball, location: 2F 1-2: SINGLE (Groundball, 3S, EV 68.8 MPH) (infield hit)
|
Batting: SHB Bobby Santor
|
0-0: Ball 1-0: Foul Ball, location: 2F 1-1: Ball 2-1: Fly out, F8 (Flyball, 78XD, EV 92.5 MPH)
|
Batting: LHB Zack Guillen
|
0-0: Ball Matt Fabre steals 2nd, throwing error, E2 Matt Fabre to third 1-0: Intentional Walk
|
Batting: LHB Roy Riess
|
0-0: Ball Zack Guillen steals 2nd base (no throw) 1-0: Intentional Walk
|
Pitching: RHP Ricky Lopez
|
|
Batting: RHB Craig Gomez
|
0-0: Ball 1-0: Ball 2-0: Foul Ball, location: 2F 2-1: SINGLE (Groundball, 6M, EV 106.9 MPH) Matt Fabre scores Zack Guillen to third Roy Riess to second Runner from 3rd tries for Home, SAFE, throw by CF to home
|
Batting: LHB Joe Miller
|
0-0: Foul Ball, location: 2F 0-1: Foul Ball, location: 2F 0-2: Ball 1-2: Strikes out swinging
|
Batting: LHB Mike Clark
|
0-0: Called Strike 0-1: Ball 1-1: Fly out, F7 (Flyball, 7, EV 93.8 MPH)
|
Top of the 11th over - 2 runs, 2 hits, 1 error, 2 left on base; Modesto 4 - Stockton 2 |
BOTTOM OF THE 11TH |
Stockton Ports batting - Pitching for Modesto Nuts : RHP Jim Butler
|
Batting: RHB Matt Sherard
|
0-0: Swinging Strike 0-1: Ball 1-1: SINGLE (Groundball, 4MD, EV 108.1 MPH)
|
Batting: RHB Matt Black
|
0-0: Foul Ball, location: 2F 0-1: Ball 1-1: Foul Ball, location: 2F 1-2: Strikes out swinging
|
Batting: RHB Dave Vezina
|
0-0: Ball 1-0: Called Strike 1-1: Ball 2-1: Foul Ball, location: 2F 2-2: Strikes out swinging
|
Batting: LHB Nick Pacheco
|
0-0: Ball 1-0: Ball Wild Pitch! Matt Sherard to second 2-0: Ball 3-0: Called Strike 3-1: Swinging Strike 3-2: Foul Ball, location: 2F 3-2: Base on Balls
|
Pitching: LHP Andy Silveira
|
|
Batting: RHB Larry Clark
|
0-0: Called Strike 0-1: Swinging Strike 0-2: Strikes out swinging
|
Bottom of the 11th over - 0 runs, 1 hit, 0 errors, 2 left on base; Modesto 4 - Stockton 2 |
|